AoeStats
← Ux'RaúlME

Golden Pit

509023195Analyzed
1v1 RM · 8d ago on Sep 25, 2026· 54m 36s· 2 players
Game mode
Random Map
Map size
Tiny (2 player)
Population
200
Speed
Normal
Resources
Standard
Victory
Conquest
Starting age
Dark Age
Ending age
Imperial Age
RankedLock teamsTeams togetherTeam positionsShared explorationLock speedFull tech treeHidden civsTurbo modeCheats
Victory
Defeat
🇲🇽 Sicilians · Mexico
1444
+13
🇲🇽 Varangians · Mexico
1384
-13
Ux'RaúlME
6:17 Loom
9:14 Feudal Age
9:58 Double-Bit Axe
12:00 Bloodlines
20:03 Town Watch
24:38 Castle Age
22:58 Scale Barding Armor
23:09 Horse Collar
23:21 Gold Mining
24:05 Forging
35:10 Husbandry
35:36 Heavy Plow
37:22 Wheelbarrow
39:34 Chain Barding Armor
41:58 Imperial Age
40:58 Chain Barding Armor
40:29 Fletching
41:24 Vendel Legacy
43:31 Plate Barding Armor
43:14 Murder Holes
45:46 Man-at-Arms
46:12 Gambesons
46:27 Squires
46:29 Long Swordsman
47:38 Scale Mail Armor
48:02 Two-Handed Swordsman
scipio
6:18 Loom
9:28 Feudal Age
10:22 Double-Bit Axe
25:01 Castle Age
23:10 Gold Mining
23:54 Forging
24:01 Scale Mail Armor
24:09 Horse Collar
24:53 Fletching
25:11 Stone Mining
26:43 Chain Mail Armor
26:58 Bow Saw
26:40 Pikeman
29:18 Iron Casting
30:44 Town Watch
31:09 Squires
35:03 Wheelbarrow
35:54 Heavy Plow
36:43 Bodkin Arrow
42:04 Imperial Age
42:24 Ballistics
42:14 Halberdier
43:56 Blast Furnace
44:41 Plate Mail Armor
45:05 Conscription
47:22 Hand Cart
47:46 Conscription
46:47 Elite Serjeant
48:40 Hoardings
49:40 Stone Shaft Mining
50:42 Chemistry
49:39 Murder Holes
49:55 Masonry
49:46 Bracer
51:19 Scale Barding Armor
51:17 Cavalier
52:08 Bloodlines
52:01 Husbandry
52:45 Town Patrol
53:21 Chain Barding Armor
55:32 Plate Barding Armor
Connection lost

Rejoining the realm…

Still unreachable

The connection could not be restored.

Session expired

The server has moved on; the page needs a fresh start.